 Dungeon Crawl Stone Soup version bcrawl-1.17.3 (webtiles) character file.

Game seed: 6457186559135148983

32 Chiseanne the Ducker (level 3, 0/27 HPs)
             Began as a Mummy Archaeologist on Oct 24, 2019.
             Slain by a jackal (2 damage)
             ... on level 2 of the Dungeon.
             The game lasted 00:01:23 (1462 turns).

Chiseanne the Ducker (Mummy Archaeologist)          Turns: 1462, Time: 00:01:24

Health: 0/27       AC:  9    Str: 14    XL:     3   Next: 8%
Magic:  3/3        EV: 11    Int: 14    God:
Gold:   101        SH:  0    Dex: 10    Spells: 2/2 levels left

rFire    . . .     SeeInvis .   a - +0 whip
rCold    + . .     Gourm    .   (no shield)
rNeg     + + +     Faith    .   h - +1 ring mail {rF+}
rPois    ∞         Spirit   .   c - +1 hat
rElec    .         Reflect  .   (no cloak)
rCorr    .         Harm     .   (no gloves)
MR       .....     Clarity  +   d - +1 pair of boots
Stlth    +.........             (no amulet)
HPRegen  0.09/turn              (no ring)
MPRegen  0.08/turn              (no ring)

@: studying Long Blades
A: no food or potions, fire vulnerability, clarity, cold resistance 1, negative
energy resistance 3, torment resistance, unbreathing
a: no special abilities


You were on level 2 of the Dungeon.
You were not hungry.

You visited 1 branch of the dungeon, and saw 2 of its levels.

You collected 101 gold pieces.

Inventory:

Hand Weapons
 a - a +0 whip (weapon)
 b - a +1 dagger of speed
Missiles
 g - 78 poisoned needles
 j - 141 sling bullets
Armour
 c - a +1 hat (worn)
 d - a +1 pair of boots (worn)
 h - a +1 ring mail of fire resistance (worn)
Jewellery
 i - a +3 ring of dexterity {unknown}
Wands
 l - a wand of flame (15)
Scrolls
 k - a scroll of remove curse {unknown}
Books
 e - a manual of Long Blades
Miscellaneous
 f - an ancient crate


   Skills:
 - Level 2.0 Fighting
 + Level 0.1 Long Blades
 - Level 0.7 Maces & Flails
 - Level 0.8 Armour
 - Level 2.9 Dodging
 - Level 2.6 Stealth


You had 2 spell levels left.
You didn't know any spells.
Your spell library was empty.

Dungeon Overview and Level Annotations

Branches:
Dungeon (2/12)

Altars:
Ashenzari


Innate Abilities, Weirdness & Mutations

You do not eat or drink.
Your flesh is vulnerable to fire.
You are immune to poison.
You possess an exceptional clarity of mind.
Your flesh is cold resistant. (rC+)
You are immune to negative energy. (rN+++)
You are immune to unholy pain and torment.
You can survive without breathing.


Message History

The jackal bites you but does no damage.
The jackal bites you.
* * * LOW HITPOINT WARNING * * *
The jackal misses you.
The jackal bites you but does no damage. x2
The jackal closely misses you.
The jackal bites you but does no damage.
The jackal bites you.
* * * LOW HITPOINT WARNING * * *
The jackal bites you but does no damage.
The kobold hits you with a +0 whip of flaming.
* * * LOW HITPOINT WARNING * * *
The kobold burns you.
* * * LOW HITPOINT WARNING * * *
The jackal closely misses you.
You see here a smoky red potion.
The jackal bites you.
* * * LOW HITPOINT WARNING * * *
The jackal bites you.
You die...

### ### ###
##.####.########.#
...#.............#
##.#.##.########.####
#.#....)......#.#..
#.###.#######.#.#.#
##.....<..# #.#@#.###
######.##.####.#hh%..#
.......##......#!....#
################K....#
.................w...#
#########....###.....#
..[.............†....#
#######......#########
..................


You could see a worm, 2 jackals and a kobold.

Vanquished Creatures
  A worm (D:2)
  A dart slug (D:2)
  A leopard gecko (D:2)
  A bat (D:2)
  A giant cockroach (D:2)
  3 goblins
  4 hobgoblins
  3 jackals (D:2)
  3 kobolds (D:2)
  A frilled lizard (D:1)
  4 rats (D:1)
23 creatures vanquished.

Vanquished Creatures (others)
  A plant (D:2)
1 creature vanquished.

Grand Total: 24 creatures vanquished

Notes
Turn   | Place    | Note
-------+----------+-------------------------------------------
     0 | D:1      | Chiseanne the Mummy Archaeologist began the quest for the
                  | Orb.
     0 | D:1      | Reached XP level 1. HP: 15/15 MP: 1/1
   400 | D:1      | Reached XP level 2. HP: 21/21 MP: 2/2
   932 | D:2      | Found a shattered altar of Ashenzari.
  1439 | D:2      | Reached XP level 3. HP: 21/27 MP: 3/3
  1462 | D:2      | Slain by a jackal

Skill      XL: |  1  2 |
---------------+-------+-----
Fighting       | 2 |  2.0
Long Blades    | |  0.1
Maces & Flails | |  0.7
Armour         | |  0.8
Dodging        | |  2.9
Stealth        | |  2.6

Action                   || total
-------------------------++-------
Melee: Whip              ||   108
 Stab: Sleeping          ||     1
Armor: Robe              ||     9
       Ring mail         ||    57
Dodge: Dodged            ||    72
